 Dungeon Crawl Stone Soup version 0.30-a0-726-gd89dcf765f (webtiles) character file.

Game seed: 12819721555197175518

72 kingofthe the Grasshopper (level 4, -1/38 HPs)
             Began as a Gnoll Warper on Jan 29, 2023.
             Was an Initiate of Yredelemnul.
             Succumbed to an adder's poison
             ... on level 3 of the Dungeon.
             The game lasted 00:04:54 (1768 turns).

kingofthe the Grasshopper (Gnoll Warper)            Turns: 1768, Time: 00:04:55

Health: -1/38      AC:  3    Str: 12    XL:     4   Next: 26%
Magic:  11/11      EV: 12    Int: 13    God:    Yredelemnul [......]
Gold:   162        SH:  0    Dex: 11    Spells: 13/13 levels left

rFire   . . .      SeeInvis .    a - +0 hand axe
rCold   . . .      Faith    .    (no shield)
rNeg    . . .      Spirit   .    b - +0 leather armour
rPois   .          Reflect  .    (no helmet)
rElec   .          Harm     .    (no cloak)
rCorr   .          Rampage  .    (no gloves)
Will    .....                    (no boots)
Stlth   +                        (no amulet)
HPRegen 0.26/turn                (no ring)
MPRegen 0.12/turn                (no ring)

@: lethally poisoned (-1 -> -10)
A: fangs 1, strong nose, distributed training
a: Renounce Religion, Recall Undead Harvest


You were on level 3 of the Dungeon.
You worshipped Yredelemnul.
Yredelemnul was noncommittal.
You visited 1 branch of the dungeon, and saw 3 of its levels.

You collected 162 gold pieces.

Inventory:

Hand Weapons
 a - a +0 hand axe (weapon)
Missiles
 d - 7 boomerangs of dispersal (quivered)
Armour
 b - a +0 leather armour (worn)
Wands
 q - a wand of paralysis (10)
Scrolls
 c - a scroll of blinking
 e - a scroll of teleportation {unknown}
 h - 4 scrolls of enchant armour {unknown}
 j - a scroll of brand weapon {unknown}
 l - a scroll of torment {unknown}
 m - a scroll of identify {unknown}
 n - a scroll of vulnerability {unknown}
 o - a scroll of magic mapping {unknown}
Potions
 f - 2 potions of berserk rage {unknown}
 g - a potion of curing {unknown}
 i - a potion of flight {unknown}
 k - a potion of invisibility {unknown}
 p - a potion of mutation {unknown}


   Skills:
 + Level 4.6 Fighting
 + Level 1.1 Short Blades
 + Level 1.1 Long Blades
 + Level 4.6 Axes
 + Level 1.1 Maces & Flails
 + Level 1.1 Polearms
 + Level 1.1 Staves
 + Level 1.1 Ranged Weapons
 + Level 2.7 Throwing
 + Level 2.7 Armour
 + Level 4.6 Dodging
 + Level 1.1 Stealth
 + Level 1.1 Shields
 + Level 1.1 Unarmed Combat
 + Level 5.1 Spellcasting
 + Level 0.9 Conjurations
 + Level 0.9 Hexes
 + Level 0.9 Summonings
 + Level 0.9 Necromancy
 + Level 5.4 Translocations
 + Level 0.9 Transmutations
 + Level 0.9 Fire Magic
 + Level 0.9 Ice Magic
 + Level 0.9 Air Magic
 + Level 0.9 Earth Magic
 + Level 0.9 Poison Magic
 + Level 1.2 Invocations
 + Level 1.1 Evocations


You had 13 spell levels left.
You didn't know any spells.
Your spell library contained the following spells:

 Spells                   Type           Power      Damage    Failure   Level
 Blink                    Tloc           34%        N/A       3%          2
 Lesser Beckoning         Tloc           34%        N/A       3%          2
 Teleport Other           Tloc           17%        N/A       8%          3
 Slow                     Hex            20%        N/A       16%         1
 Vhi's Electric Charge    Tloc/Air       22%        N/A       19%         3
 Ensorcelled Hibernation  Hex/Ice        10%        N/A       24%         2
 Passwall                 Tmut/Erth      4%         N/A       24%         2
 Manifold Assault         Tloc           17%        N/A       24%         4
 Confusing Touch          Hex            5%         N/A       43%         3
 Ozocubu's Armour         Ice            5%         N/A       43%         3
 Swiftness                Air            5%         N/A       43%         3
 Vampiric Draining        Necr           5%         2d6       43%         3
 Ozocubu's Refrigeration  Ice            2%         4d8       100%        7


Dungeon Overview and Level Annotations

Branches:
Dungeon (3/15)

Altars:
Yredelemnul

Portals:
Sewer: D:3


Innate Abilities, Weirdness & Mutations

You have very sharp teeth.
Your uncanny sense of smell can sniff out nearby items.
Your experience applies equally to all skills.


Message History

The orc is heavily wounded.
The orc hits you with a +0 flail.
You barely miss the orc.
The orc is heavily wounded.
You hit the worm but do no damage. The orc barely misses you.
The worm bites you. The orc hits you with a +0 flail!
You closely miss the orc.
The orc is heavily wounded.
You hit the worm.
The orc priest looks braver for a moment.
The orc hits you with a +0 flail.
You hit the orc.
You kill the orc!
You barely miss the adder. You hit the worm.
The adder bites you but does no damage. The worm barely misses you.
The adder bites you.
You hit the worm.
The worm is heavily wounded.
You hit the rat. You hit the adder. The adder bites you.
You are poisoned.
The adder poisons you! The rat bites you. The worm barely misses you.
You are too injured to fight recklessly!
You hit the adder but do no damage.
The adder is heavily wounded.
You hit the worm. You closely miss the rat.
You feel sick. The adder bites you.
You are more poisoned.
The adder poisons you! The rat barely misses you.
You hit the worm.
The worm is almost dead.
You closely miss the adder. You closely miss the rat.
You feel sick. The adder bites you.
* * * LOW HITPOINT WARNING * * *
You are more poisoned.
The adder poisons you! The rat bites you.
* * * LOW HITPOINT WARNING * * *
The worm bites you!
* * * LOW HITPOINT WARNING * * *
The adder closely misses you.
You die...
Your body rises from the dead as a mindless zombie.

.....#...~~..
.S...>...~~..∩..~
........~~~ ....~
.........~ ....~≈
.........# ~≈~≈≈#
.........##~~~~~#
.......<.........
........wr......#
.....#.oS@.....#
#### ####....>##
.........
##.....###
###..## ..# ###


You could see a worm, an orc priest, an adder and a rat.

Vanquished Creatures
  An adder (D:2)
  2 dart slugs
  2 orcs
  4 ball pythons
  7 endoplasms
  2 giant cockroaches
  4 goblins
  2 hobgoblins (D:1)
  6 jackals
  3 quokkas
  5 bats
  3 frilled lizards
  2 kobolds
  9 rats
52 creatures vanquished.

Notes
Turn   | Place    | Note
-------+----------+-------------------------------------------
     0 | D:1      | kingofthe the Gnoll Warper began the quest for the Orb.
     0 | D:1      | Reached XP level 1. HP: 20/20 MP: 6/6
    68 | D:1      | Reached XP level 2. HP: 18/26 MP: 7/7
   341 | D:1      | Reached skill level 5 in Spellcasting
   341 | D:1      | Reached XP level 3. HP: 30/31 MP: 7/9
   605 | D:1      | Reached skill level 1 in Invocations
   994 | D:2      | Reached skill level 1 in Short Blades
   994 | D:2      | Reached skill level 1 in Long Blades
   994 | D:2      | Reached skill level 1 in Maces & Flails
   994 | D:2      | Reached skill level 1 in Polearms
   994 | D:2      | Reached skill level 1 in Staves
   994 | D:2      | Reached skill level 1 in Ranged Weapons
   994 | D:2      | Reached skill level 1 in Stealth
   994 | D:2      | Reached skill level 1 in Shields
   994 | D:2      | Reached skill level 1 in Unarmed Combat
   994 | D:2      | Reached skill level 1 in Evocations
  1099 | D:2      | Reached XP level 4. HP: 38/38 MP: 11/11
  1176 | D:2      | Found a basalt altar of Yredelemnul.
  1273 | D:2      | Became a worshipper of Yredelemnul the Dark
  1630 | D:3      | Found a glowing drain.
  1670 | D:3      | Found a faded altar of an unknown god.
  1767 | D:3      | HP: 1/38 [worm (9)]
  1768 | D:3      | Succumbed to an adder's poison

Illustrated notes

Levels and vault maps discovered:
D:1:      amcnicky_arrival_gap_in_the_tavern_cellar, layout_loops_ring
D:2:      layout_basic, basic_altar, chequers_serial_rivers_micro_d
D:3:      layout_rooms, basic_ecumenical_altar, cheibrodos_sewer_entry_sluice,
          kennysheep_generic_room_10

Skill      XL: |  1  2  3 |
---------------+----------+-----
Spellcasting   | 5 |  5.1
Invocations    | 1 |  1.2
Short Blades   | 1 |  1.1
Long Blades    | 1 |  1.1
Maces & Flails | 1 |  1.1
Polearms       | 1 |  1.1
Staves         | 1 |  1.1
Ranged Weapons | 1 |  1.1
Stealth        | 1 |  1.1
Shields        | 1 |  1.1
Unarmed Combat | 1 |  1.1
Evocations     | 1 |  1.1
Fighting       | |  4.6
Axes           | |  4.6
Throwing       | |  2.7
Armour         | |  2.7
Dodging        | |  4.6
Conjurations   | |  0.9
Hexes          | |  0.9
Summonings     | |  0.9
Necromancy     | |  0.9
Translocations | |  5.4
Transmutations | |  0.9
Fire Magic     | |  0.9
Ice Magic      | |  0.9
Air Magic      | |  0.9
Earth Magic    | |  0.9
Poison Magic   | |  0.9

Action                     |  1- 3 |  4- 6 || total
---------------------------+-------+-------++-------
  Melee: Hand axe          |   118 |    43 ||   161
         Bite              |    10 |     3 ||    13
         Punch             |     3 |       ||     3
 Armour: Leather armour    |    29 |     6 ||    35
  Dodge: Dodged            |    87 |    26 ||   113

Table legend: (Time is in decaauts)
 A = Elapsed time spent in this place.
 B = Non-inter-level travel time spent in this place.
 C = Inter-level travel time spent in this place.
 D = Time resting spent in this place.
 E = Time spent auto-exploring this place.
 F = Levels seen in this place.
 G = Mean time per level.
                   A        B        C        D        E       F      G
               +--------+--------+--------+--------+--------+-----+--------+
         Total |   1782 |   1526 |    256 |    116 |   1033 |   3 |  594.0 |
       Dungeon |   1782 |   1526 |    256 |    116 |   1033 |   3 |  594.0 |
               +--------+--------+--------+--------+--------+-----+--------+

Top non-repeatable levels by time:
     D:1: 930 daAuts
     D:2: 835 daAuts
     D:3: 16 daAuts
